 Dungeon Crawl Stone Soup version 0.21.0-24-g2553a33 (console) character file.

165925 removed the Devastator (level 17, -4/108 HPs)
             Began as a Tengu Earth Elementalist on Jan 21, 2018.
             Was a High Priest of Vehumet.
             Slain by Donald
             ... wielding a +1 broad axe of flaming
              (39 damage)
             ... on level 3 of the Shoals.
             The game lasted 02:13:49 (44548 turns).

removed the Devastator (Tengu Earth Elementalist)  Turns: 44548, Time: 02:13:49

Health: -4/108     AC: 16    Str: 10    XL:     17   Next: 89%
Magic:  13/37      EV: 30    Int: 24    God:    Vehumet [*****.]
Gold:   420        SH:  7    Dex: 16    Spells: 11/40 levels left

rFire    + . .     SeeInvis .   b - staff of earth
rCold    + . .     Gourm    .   w - +2 buckler
rNeg     . . .     Faith    .   T - +2 robe {rC+ rF+}
rPois    .         Spirit   .   y - +2 hat
rElec    .         Reflect  .   l - +2 cloak
rCorr    .         Harm     .   D - +2 pair of gloves
MR       +....                  (boots unavailable)
Stlth    ++........             v - amulet of magic regeneration
HPRegen  0.00/turn              j - +4 ring of intelligence
MPRegen  0.50/turn              o - +4 ring of protection

@: about to teleport, flying quickly and evasively, quick
A: beak, talons 3, repulsion field 1, high mp 1, inhibited regeneration, able to
fly 2
a: Stop Flying, Renounce Religion


You were on level 3 of the Shoals.
You worshipped Vehumet.
Vehumet was extremely pleased with you.
You were not hungry.

You visited 6 branches of the dungeon, and saw 31 of its levels.
You also visited: Sewer and Ice Cave.

You collected 3278 gold pieces.
You spent 2858 gold pieces at shops.

Inventory:

Hand Weapons
 a - a +9 demon whip of freezing
Missiles
 i - 2 curare-tipped needles
 K - a tomahawk (quivered)
 Q - 6 throwing nets
 Y - 611 stones
Armour
 l - a +2 cloak (worn)
 w - a +2 buckler (worn)
 y - a +2 hat (worn)
 D - a +2 pair of gloves (worn)
 T - a +2 robe of resistance (worn)
 Z - a +0 robe of the Archmagi
Magical Staves
 b - an uncursed staff of earth (weapon)
Jewellery
 j - a +4 ring of intelligence (left hand)
 o - a +4 ring of protection (right hand)
 v - an amulet of magic regeneration (around neck)
 x - an uncursed ring of ice
 F - an uncursed ring of ice
 L - an uncursed ring of protection from fire
Wands
 r - a wand of paralysis (13)
 t - a wand of clouds (6)
 u - a wand of iceblast (18)
 B - a wand of digging (22)
 U - a wand of acid (5)
 X - a wand of disintegration (13)
Scrolls
 c - a scroll of fog
 g - 11 scrolls of magic mapping
 h - 8 scrolls of remove curse
 k - 13 scrolls of identify
 n - a scroll of brand weapon
 E - 6 scrolls of amnesia
 H - 7 scrolls of enchant armour
 J - 8 scrolls of enchant weapon
 M - 7 scrolls of fear
 R - 6 scrolls of teleportation
 V - a scroll of blinking
Potions
 f - 6 potions of heal wounds
 m - a potion of flight
 p - 3 potions of brilliance
 q - 4 potions of cancellation
 s - a potion of ambrosia
 z - a potion of invisibility
 A - 7 potions of haste
 C - 4 potions of mutation
 G - 4 potions of curing
 I - 3 potions of agility
 N - 8 potions of might
 P - 2 potions of resistance
 S - a potion of lignification
 W - a potion of magic
Books
 e - the Guide on the Twisted Volcanoes
   (You found it on level 3 of the Snake Pit)

   Spells                             Type                      Level
   a - Sticky Flame                   Conjuration/Fire             4
   b - Ignition                       Fire                         8
   c - Disjunction                    Translocation                8
Miscellaneous
 O - a lamp of fire (inert)
Comestibles
 d - 18 rations


   Skills:
 - Level 13.0 Fighting
 - Level 12.0 Maces & Flails
 - Level 14.0 Dodging
 - Level 2.0 Stealth
 - Level 5.0 Shields
 - Level 12.1 Spellcasting
 - Level 17.3 Conjurations
 - Level 4.2 Translocations
   Level 0.7 Transmutations
 - Level 12.0 Fire Magic
 - Level 3.1 Earth Magic
 + Level 0.0 Poison Magic


You had 11 spell levels left.
You knew the following spells:

 Your Spells              Type           Power        Failure   Level  Hunger
a - Stone Arrow           Conj/Erth      ######       1%          3    None
b - Poison Arrow          Conj/Pois      ######....   5%          6    #####..
c - Magic Dart            Conj           ####         0%          1    None
d - Fireball              Conj/Fire      ######....   1%          5    ###....
e - Sandblast             Erth           #####.       1%          1    None
f - Regeneration          Chrm/Necr      ##........   13%         3    None
g - Sticky Flame          Conj/Fire      ######..     1%          4    None
h - Flame Tongue          Conj/Fire      #####        0%          1    None
l - Blink                 Tloc           N/A          1%          2    None
m - Mephitic Cloud        Conj/Pois/Air  #####...     1%          3    None


Dungeon Overview and Level Annotations

Branches:
Dungeon (15/15)            Temple (0/1) D:6            Lair (6/6) D:11
 Shoals (4/4) Lair:2        Snake (3/4) Lair:3        Slime (0/5) Lair:5
    Orc (2/2) D:11            Elf (1/3) Orc:2        Vaults (0/5) D:14
 Depths (0/5) D:15

Altars:
Dithmenos
Elyvilon
Gozag
Kikubaaqudgha
Makhleb
Nemelex Xobeh
Okawaru
Qazlal
Sif Muna
Trog
Uskayaw
Vehumet
Wu Jian
Xom
Yredelemnul
Zin
The Shining One
Beogh

Shops:
D:8 !   D:10 (   D:15 [(   Orc:2 ?:[!   Elf:1 =   Shoals:3 :

Annotations:
D:3 exclusion: downstairs
Lair:5 exclusion: downstairs
Shoals:3 Donald
Shoals:4 Ilsuiw


Innate Abilities, Weirdness & Mutations

You have a beak for a mouth.
You have claws for feet.
You can fly continuously.
You are surrounded by a mild repulsion field. (EV +2)
You have an increased reservoir of magic. (+10% MP)
You do not regenerate when monsters are visible.


Message History

You feel strangely unstable.
Casting: Blink
Confirm with . or Enter, or press ? or * to list all spells.
You blink.
Donald mumbles some strange words.
Donald seems to grow stronger.
Casting: Blink
Confirm with . or Enter, or press ? or * to list all spells.
You blink.
Donald shakes his head.
Casting: Blink
Confirm with . or Enter, or press ? or * to list all spells.
Aiming: Poison Arrow
Press: ? - help, Shift-Dir - straight line, f - Donald
Aim: Donald, wielding a broad axe of flaming, wearing a glowing plate armour and wearing a scorched shield (water, heavily wounded, fast, unusually strong, poisoned)
The poison arrow hits Donald.
Donald looks as sick as possible!
Donald is severely wounded.
Donald says, "The sirens are starting to hurt my ears."
Donald hits you with a broad axe of flaming!!!
You die...

≈≈≈≈≈≈≈≈≈≈≈≈≈≈≈≈≈≈≈≈≈≈≈≈≈≈≈≈≈≈≈≈≈
≈≈≈≈≈≈≈≈≈≈≈≈≈≈≈≈≈≈≈≈≈≈≈≈≈≈≈≈≈≈≈≈≈
≈≈≈≈≈≈≈≈≈≈≈≈≈≈≈≈≈≈≈≈≈≈≈≈≈≈≈≈≈≈≈≈≈
≈≈≈≈≈≈≈≈≈≈≈≈≈≈≈≈≈≈≈≈≈≈≈≈≈≈≈≈≈≈≈≈≈
≈≈≈≈≈≈≈≈≈≈≈≈≈≈≈≈≈≈≈≈≈≈≈≈≈≈≈≈≈≈≈≈≈
≈≈≈≈≈≈≈≈≈≈≈≈≈≈≈≈≈≈≈≈≈≈≈≈≈≈≈≈≈≈≈≈≈
≈≈≈≈≈≈≈≈≈≈≈≈≈≈≈≈≈≈≈≈≈≈≈≈≈≈≈≈≈≈≈≈≈
≈≈≈≈≈≈≈≈.≈≈≈≈≈≈≈≈≈≈≈≈≈≈≈≈≈≈≈≈≈≈≈.
≈≈≈≈≈≈≈...≈≈≈≈≈≈@≈≈≈≈≈≈≈≈≈≈≈≈≈≈≈≈
≈≈≈≈≈......≈≈≈≈≈@≈≈≈≈≈≈≈≈≈≈≈≈≈≈≈≈
≈≈....>####.≈≈≈≈≈≈≈≈≈≈≈≈≈≈≈≈≈≈≈≈≈
≈≈≈....# #.≈≈≈≈≈≈≈≈≈≈≈≈≈≈≈≈≈≈..≈
≈≈≈≈..## ##.≈≈≈≈≈≈≈≈§≈≈≈≈≈≈≈≈≈...
≈≈≈≈..# ##...≈≈≈≈≈≈≈≈≈≈≈≈≈≈≈≈≈...
≈≈≈≈..###....≈≈≈≈≈≈≈≈≈≈≈≈≈≈≈≈≈≈..
≈≈≈≈≈......>.≈≈≈≈≈≈≈≈≈≈≈≈≈≈≈≈≈≈≈.
≈≈≈≈≈......≈≈≈≈≈≈≈≈≈≈≈≈≈≈≈≈≈≈.≈≈.


You could see Donald.

Vanquished Creatures
  An Ice Fiend (IceCv)
  A kraken (Shoals:3)
  Agnes (D:15)
  5 nagarajas
  A ghoul (D:14)
  The ghost of mopl the Scorcher, a journeyman DEFE of Vehumet (Orc:2)
  A merfolk javelineer (Shoals:3)
  Snorg (D:12)
  A deep elf death mage (Elf:1)
  2 merfolk impalers (Shoals:2)
  A yaktaur captain (D:15)
  Harold (Lair:1)
  Erolcha (Orc:2)
  8 hydras
  4 centaur warriors
  2 naga warriors
  7 anacondas
  3 merfolk avatars
  Erica (D:8)
  7 two-headed ogres
  An alligator snapping turtle (Shoals:2)
  A merfolk aquamancer (Shoals:1)
  2 naga sharpshooters
  5 death yaks (Lair:6)
  2 dancing weapons (Elf:1)
  3 shock serpents
  4 deep elf knights (Elf:1)
  A skeletal warrior (D:15)
  A salamander mystic (Snake:3)
  12 sea snakes
  3 naga ritualists
  2 orc knights
  4 necromancers (Elf:1)
  4 mana vipers
  11 orc sorcerers
  An oklob plant (Lair:5)
  4 ugly things (D:15)
  12 deep elf magi
  4 cyclopes
  3 fauns (Shoals:1)
  5 salamanders
  4 manticores
  8 merfolk sirens
  7 naga magi
  Maurice (D:10)
  4 elephants (Lair:6)
  6 ice statues
  13 black mambas
  7 water nymphs
  2 gargoyles
  A rime drake (Lair:6)
  A kobold demonologist (D:15)
  An anaconda simulacrum (IceCv)
  A yaktaur (D:15)
  11 spiny frogs
  5 komodo dragons
  2 redback zombies (D:15)
  10 ice devils (IceCv)
  4 wind drakes
  12 merfolk
  5 trolls
  A polar bear (Lair:3)
  Prince Ribbit (D:8)
  9 blink frogs (Lair:6)
  A meliai zombie (D:15)
  14 hippogriffs
  7 snapping turtles
  5 slime creatures (D:12)
  14 dream sheep
  A shadow (D:13)
  A spriggan (shapeshifter) (D:13)
  4 water elementals (Shoals:1)
  2 dire elephant simulacra (IceCv)
  3 hogs
  A human (D:7)
  32 yaks
  A basilisk (Lair:6)
  3 wraiths (D:12)
  Eustachio (D:6)
  Grum (D:10)
  2 iron troll simulacra (IceCv)
  A harpy simulacrum (IceCv)
  3 hungry ghosts
  9 vampire mosquitoes
  18 nagas
  An acid dragon (D:15)
  19 water moccasins
  Duvessa (D:6)
  2 hydra simulacra (IceCv)
  13 porcupines
  5 ice beasts
  29 orc warriors
  2 ettin simulacra (IceCv)
  4 phantoms
  A sky beast (D:5)
  3 black bears (D:11)
  8 necrophages
  An eye of draining (D:12)
  12 centaurs
  20 ogres
  8 wolves
  9 crocodiles
  A big kobold (shapeshifter) (Elf:1)
  3 big kobolds
  3 gnoll sergeants (D:11)
  5 elf zombies
  A wyvern zombie (D:12)
  17 bullfrogs
  2 scorpions
  Dowan (D:6)
  4 killer bees (D:7)
  18 wights
  A vampire bat (D:9)
  2 howler monkeys
  8 crimson imps
  2 quasits
  A bullfrog zombie (D:5)
  3 centaur zombies
  7 hounds
  4 centaur skeletons
  3 human zombies (D:12)
  26 orc priests
  3 bullfrog skeletons
  4 jellies
  Jessica (D:2)
  5 iguanas
  44 orc wizards
  4 worker ants
  3 hound zombies
  4 mummies
  14 adders
  4 gnolls (D:11)
  5 shadow imps
  An adder zombie (D:8)
  2 worms
  A dart slug (D:1)
  11 leopard geckos
  123 orcs
  12 bats
  10 giant cockroaches
  9 goblins
  5 hobgoblins
  6 jackals
  11 kobolds
  12 quokkas
  8 ball pythons
  9 frilled lizards
  A jackal zombie (D:7)
  8 rats
  A fungus (Lair:6)
  7 plants
  3 tentacles (Shoals:3)
956 creatures vanquished.

Vanquished Creatures (collateral kills)
  A bullfrog (D:7)
1 creature vanquished.

Vanquished Creatures (others)
  A basilisk (D:11)
  An orc warrior (D:6)
  A leopard gecko (D:6)
  An orc (D:6)
  A quokka (D:9)
  9 fungi
  17 plants
  11 tentacles
  2 withered plants (D:15)
44 creatures vanquished.

Grand Total: 1001 creatures vanquished

Notes
Turn   | Place    | Note
-------+----------+-------------------------------------------
     0 | D:1      | removed the Tengu Earth Elementalist began the quest for the Orb.
     0 | D:1      | Reached XP level 1. HP: 10/10 MP: 4/4
   214 | D:1      | Reached XP level 2. HP: 15/15 MP: 4/6
   891 | D:2      | Reached XP level 3. HP: 19/19 MP: 4/7
   934 | D:2      | Learned a level 3 spell: Stone Arrow
   996 | D:2      | Found a bloodstained altar of Trog.
  1011 | D:2      | Reached skill level 1 in Conjurations
  1226 | D:2      | Found an ancient bone altar of Kikubaaqudgha.
  1233 | D:2      | Found a deep blue altar of Sif Muna.
  1235 | D:2      | Found a radiant altar of Vehumet.
  1238 | D:2      | Identified Vehumet's Volume of Attacks
  1241 | D:2      | Became a worshipper of Vehumet
  1244 | D:2      | Learned a level 1 spell: Magic Dart
  1308 | D:2      | Noticed Jessica
  1618 | D:3      | Reached skill level 2 in Conjurations
  1905 | D:3      | Reached XP level 4. HP: 24/24 MP: 2/8
  1973 | D:3      | Found a shimmering altar of Xom.
  2017 | D:3      | Reached skill level 3 in Conjurations
  2342 | D:2      | Killed Jessica
  2342 | D:2      | Reached skill level 4 in Conjurations
  2354 | D:2      | Gained mutation: You are frail. (-10% HP) [potion of mutation]
  2354 | D:2      | Gained mutation: You are surrounded by a mild repulsion field. (EV +2) [potion of mutation]
  2368 | D:2      | Gained mutation: You can fly. [Tengu growth]
  2368 | D:2      | Reached XP level 5. HP: 8/25 MP: 0/9
  2369 | D:2      | Lost mutation: You are frail. (-10% HP) [potion of mutation]
  2369 | D:2      | Gained mutation: You have an increased reservoir of magic. (+10% MP) [potion of mutation]
  2369 | D:2      | Gained mutation: You occasionally shout uncontrollably at your foes. [potion of mutation]
  2369 | D:2      | Gained mutation: You do not regenerate when monsters are visible. [potion of mutation]
  2369 | D:2      | Gained mutation: You evolve. [potion of mutation]
  2706 | D:3      | Reached * piety under Vehumet
  2706 | D:3      | Offered knowledge of Flame Tongue by Vehumet.
  2709 | D:3      | Learned a level 1 spell: Flame Tongue
  2799 | D:2      | Lost mutation: You occasionally shout uncontrollably at your foes. [evolution]
  2799 | D:2      | Lost mutation: You evolve. [end of evolution]
  3025 | D:3      | Reached skill level 5 in Conjurations
  3068 | D:4      | Noticed an ogre
  3277 | D:4      | Noticed an ogre
  3838 | D:4      | Noticed an ogre
  3943 | D:4      | Reached skill level 6 in Conjurations
  4141 | D:4      | Reached XP level 6. HP: 32/32 MP: 3/10
  4444 | D:3      | Reached skill level 7 in Conjurations
  5013 | D:4      | Reached skill level 8 in Conjurations
  5207 | D:4      | Reached XP level 7. HP: 29/36 MP: 2/12
  5528 | D:4      | Offered knowledge of Shock by Vehumet.
  5610 | D:4      | Reached ** piety under Vehumet
  6061 | D:4      | Reached skill level 1 in Fighting
  6225 | D:5      | Entered Level 5 of the Dungeon
  6434 | D:5      | Reached XP level 8. HP: 35/44 MP: 3/16
  6934 | D:5      | Found an ornate altar of the Wu Jian Council.
  6934 | D:5      | Found an iron altar of Okawaru.
  6978 | D:5      | Got an encrusted hat
  6989 | D:5      | Identified the +1 hat of the World {*Slow rElec rPois Int+4 Dex+5} (You found it on level 5 of the Dungeon)
  7014 | D:5      | Reached skill level 5 in Dodging
  7450 | D:6      | Noticed Duvessa
  7532 | D:6      | Found a stormy altar of Qazlal.
  7570 | D:6      | Found a staircase to the Ecumenical Temple.
  7682 | D:6      | Offered knowledge of Mephitic Cloud by Vehumet.
  7694 | D:6      | Learned a level 3 spell: Mephitic Cloud
  7710 | D:6      | Reached skill level 5 in Fire Magic
  7721 | D:6      | Noticed Eustachio
  7777 | D:6      | Killed Eustachio
  7777 | D:6      | Reached XP level 9. HP: 44/51 MP: 13/17
  7861 | D:6      | Reached skill level 9 in Conjurations
  7921 | D:6      | Found a glowing drain.
  7939 | Sewer    | Entered a sewer
  7975 | Sewer    | Reached *** piety under Vehumet
  8169 | Sewer    | Offered knowledge of Dazzling Spray by Vehumet.
  8423 | D:6      | Reached skill level 5 in Spellcasting
  8511 | D:6      | Noticed Dowan
  8544 | D:6      | Killed Dowan
  8593 | D:6      | Killed Duvessa
  8781 | D:6      | Found a shimmering altar of Xom.
  8817 | D:6      | Reached skill level 10 in Conjurations
  9962 | D:7      | Found an opulent altar of Gozag.
  9963 | D:7      | Found a glowing silver altar of Zin.
 10124 | D:7      | Reached **** piety under Vehumet
 10358 | D:7      | Offered knowledge of Force Lance by Vehumet.
 10820 | D:7      | Reached XP level 10. HP: 56/56 MP: 17/22
 11339 | D:8      | Found Yfrooh's Distillery.
 11404 | D:8      | Bought a potion of curing for 48 gold pieces
 11470 | D:8      | Noticed Prince Ribbit
 11687 | D:8      | Noticed Erica
 11701 | D:8      | Reached skill level 5 in Fighting
 11707 | D:8      | Killed Erica
 11707 | D:8      | Reached skill level 11 in Conjurations
 11815 | D:8      | Found a hide-covered altar of Uskayaw.
 11821 | D:8      | Found a sparkling altar of Nemelex Xobeh.
 11821 | D:8      | Found a burning altar of Makhleb.
 11825 | D:8      | Found a basalt altar of Yredelemnul.
 12130 | D:8      | Killed Prince Ribbit
 12345 | D:9      | Reached skill level 12 in Conjurations
 12500 | D:9      | Reached ***** piety under Vehumet
 12735 | D:9      | Offered knowledge of Fireball by Vehumet.
 12747 | D:9      | Learned a level 5 spell: Fireball
 13086 | D:9      | Found a runed door.
 13234 | D:9      | Reached XP level 11. HP: 63/63 MP: 20/24
 13495 | D:9      | Found a roughly hewn altar of Beogh.
 13585 | D:10     | Entered Level 10 of the Dungeon
 13668 | D:10     | Found Doazipro's Antique Weapon Emporium.
 13670 | D:10     | Noticed a two-headed ogre
 13675 | D:10     | Killed a two-headed ogre
 13866 | D:10     | Noticed a two-headed ogre
 13871 | D:10     | Killed a two-headed ogre
 14007 | D:10     | Noticed Grum
 14012 | D:10     | Killed Grum
 14560 | D:10     | Found a deep blue altar of Sif Muna.
 14659 | D:10     | Noticed Maurice
 14664 | D:10     | Killed Maurice
 15030 | D:11     | Found a shadowy altar of Dithmenos.
 15041 | D:11     | Found a staircase to the Lair.
 15293 | D:11     | Offered knowledge of Airstrike by Vehumet.
 15466 | D:11     | Reached skill level 10 in Fire Magic
 15702 | D:11     | Reached skill level 13 in Conjurations
 15752 | D:11     | Found a staircase to the Orcish Mines.
 16132 | D:10     | Bought a glowing demon whip for 522 gold pieces
 16151 | Lair:1   | Entered Level 1 of the Lair of Beasts
 16178 | Lair:1   | Reached XP level 12. HP: 39/68 MP: 17/27
 16437 | Lair:1   | Noticed Harold
 16909 | Lair:1   | Killed Harold
 17065 | Lair:2   | Found a staircase to the Shoals.
 17365 | Lair:2   | Reached skill level 1 in Maces & Flails
 18090 | Lair:3   | Noticed a seven-headed hydra
 18221 | Lair:3   | Reached skill level 5 in Maces & Flails
 18249 | Lair:3   | Killed a seven-headed hydra
 18330 | Lair:3   | Found a staircase to the Snake Pit.
 18838 | Lair:4   | Noticed a four-headed hydra
 19200 | Lair:4   | Offered knowledge of Yara's Violent Unravelling by Vehumet.
 19205 | Lair:4   | Reached XP level 13. HP: 74/74 MP: 14/29
 19324 | Lair:4   | Reached skill level 10 in Maces & Flails
 19447 | Lair:4   | Found a white marble altar of Elyvilon.
 19469 | Lair:4   | Learned a level 3 spell: Regeneration
 19470 | Lair:4   | Reached skill level 10 in Spellcasting
 19470 | Lair:4   | Gained mutation: You can fly continuously. [Tengu growth]
 19470 | Lair:4   | Reached XP level 14. HP: 80/80 MP: 29/31
 20812 | Lair:5   | Found a staircase to the Slime Pits.
 20915 | Lair:6   | Entered Level 6 of the Lair of Beasts
 21455 | Lair:6   | Reached skill level 10 in Dodging
 22358 | Lair:6   | Got a crude war axe
 22870 | Lair:6   | Noticed a dire elephant
 22894 | Lair:6   | Noticed a dire elephant
 23269 | Lair:6   | Noticed a dire elephant
 23269 | Lair:6   | Noticed a dire elephant
 24030 | D:12     | Reached XP level 15. HP: 90/90 MP: 23/32
 24147 | D:12     | Offered knowledge of Ozocubu's Refrigeration by Vehumet.
 24183 | D:12     | Found a roughly hewn altar of Beogh.
 24617 | D:12     | Noticed Snorg
 24651 | D:12     | Killed Snorg
 24827 | D:12     | Found a basalt altar of Yredelemnul.
 25072 | Orc:1    | Entered Level 1 of the Orcish Mines
 25255 | Orc:1    | Found a bloodstained altar of Trog.
 25436 | Orc:2    | Entered Level 2 of the Orcish Mines
 25583 | Orc:2    | Reached skill level 14 in Conjurations
 25783 | Orc:2    | Found a staircase to the Elven Halls.
 26134 | Orc:2    | Offered knowledge of Freezing Cloud by Vehumet.
 26262 | Orc:2    | Found an ancient bone altar of Kikubaaqudgha.
 26351 | Orc:2    | Reached skill level 10 in Fighting
 26360 | Orc:2    | Noticed mopl's ghost (journeyman DEFE)
 26395 | Orc:2    | Found Xethaj's Antique Armour Emporium.
 26411 | Orc:2    | Noticed Erolcha
 26415 | Orc:2    | Killed Erolcha
 26436 | Orc:2    | Killed mopl's ghost
 26512 | Orc:2    | Found Lum Saist's Distillery.
 26512 | Orc:2    | Found a roughly hewn altar of Beogh.
 26541 | Orc:2    | Found Sostayqu's Magic Scroll Shoppe.
 26586 | Orc:2    | Found a radiant altar of Vehumet.
 26650 | Orc:2    | Found Pump's Book Emporium.
 27465 | Orc:2    | Bought a heavily jewelled robe for 159 gold pieces
 27467 | Orc:2    | Identified the +0 robe of Protective Custody {rPois rF- MR++ Int+4} (You bought it in a shop on level 2 of the Orcish Mines)
 27494 | Orc:2    | Bought a potion of curing for 39 gold pieces
 27494 | Orc:2    | Bought a potion of curing for 39 gold pieces
 27494 | Orc:2    | Bought a potion of heal wounds for 65 gold pieces
 27524 | Orc:2    | Bought a book of Minor Magic for 340 gold pieces
 27527 | Orc:2    | Learned a level 2 spell: Blink
 27702 | D:13     | Reached skill level 1 in Translocations
 28532 | D:14     | Found a sparkling altar of Nemelex Xobeh.
 28852 | D:14     | Got a fine ring mail
 28862 | D:14     | Found a gate to the Vaults.
 29096 | D:14     | Reached ****** piety under Vehumet
 29397 | D:14     | Offered knowledge of Bolt of Cold by Vehumet.
 29681 | D:14     | Identified the cursed +1 ring mail "Hiefuhiz" {rElec Str+7 Int-4} (You found it on level 14 of the Dungeon)
 29751 | D:15     | Entered Level 15 of the Dungeon
 29930 | D:15     | Noticed Agnes
 30167 | D:15     | Noticed a ghoul
 30192 | D:14     | Killed a ghoul
 30306 | D:15     | Found Gofusch's Antique Armour Shoppe.
 30616 | D:15     | Reached skill level 15 in Conjurations
 30700 | D:15     | Found a glowing golden altar of the Shining One.
 31406 | D:15     | Reached XP level 16. HP: 100/100 MP: 15/34
 31523 | D:15     | Got a bloodstained ring mail
 31536 | D:15     | Found Gungi's Weapon Boutique.
 31718 | D:15     | Found a staircase to the Depths.
 31827 | D:15     | Killed Agnes
 32103 | D:15     | Identified the +5 ring mail of Vehumet's Outrage {+Blink} (You found it on level 15 of the Dungeon)
 32264 | Snake:1  | Entered Level 1 of the Snake Pit
 33046 | Snake:1  | Reached skill level 16 in Conjurations
 33597 | Snake:2  | Found a glowing silver altar of Zin.
 33638 | Snake:2  | Noticed a nagaraja
 33884 | Snake:2  | Found a frozen archway.
 33983 | IceCv    | Entered an ice cave
 34343 | IceCv    | Offered knowledge of Conjure Ball Lightning by Vehumet.
 34664 | IceCv    | Noticed an Ice Fiend
 34700 | IceCv    | Killed an Ice Fiend
 34876 | IceCv    | Found the +2 pair of boots of the Assassin {Detection Stab+ Stlth++}
 35376 | Snake:2  | Noticed a nagaraja
 35382 | Snake:2  | Killed a nagaraja
 35904 | Snake:2  | Noticed a nagaraja
 36323 | Snake:2  | Noticed a nagaraja
 36331 | Snake:2  | Killed a nagaraja
 36483 | Snake:2  | Killed a nagaraja
 37169 | Snake:2  | Killed a nagaraja
 37356 | Elf:1    | Entered Level 1 of the Elven Halls
 37437 | Elf:1    | Found a radiant altar of Vehumet.
 38050 | Elf:1    | Found Qatusu Qeogg's Jewellery Emporium.
 38448 | Elf:1    | Reached skill level 1 in Shields
 38731 | Elf:1    | Reached XP level 17. HP: 104/104 MP: 29/37
 38996 | Elf:1    | Identified the Compendium of Sinister Magic
 39287 | Elf:1    | Bought a +4 ring of intelligence for 432 gold pieces
 39470 | Shoals:1 | Entered Level 1 of the Shoals
 40045 | Shoals:1 | Reached skill level 5 in Shields
 40525 | Shoals:1 | Got a jewelled short sword
 41247 | Shoals:2 | Noticed a kraken
 41864 | Shoals:2 | You are sucked into a shaft!
 42806 | Shoals:3 | Found Vogyhum's Book Shoppe.
 42840 | Shoals:3 | Noticed a kraken
 43691 | Snake:3  | Offered knowledge of Fire Storm by Vehumet.
 43691 | Snake:3  | Offered knowledge of Glaciate by Vehumet.
 43691 | Snake:3  | Offered knowledge of Chain Lightning by Vehumet.
 43711 | Snake:3  | Reached skill level 17 in Conjurations
 43732 | Snake:3  | HP: 4/108 [naga warrior/dire flail of protection (26)]
 44133 | Snake:3  | Identified the Guide on the Twisted Volcanoes
 44140 | Snake:3  | Learned a level 4 spell: Sticky Flame
 44461 | Shoals:3 | Killed a kraken
 44504 | Shoals:3 | Bought a book of Annihilations for 1214 gold pieces
 44511 | Shoals:3 | Learned a level 6 spell: Poison Arrow
 44528 | Shoals:4 | Entered Level 4 of the Shoals
 44528 | Shoals:4 | Noticed Donald
 44539 | Shoals:4 | Noticed Ilsuiw
 44548 | Shoals:3 | Slain by Donald

Skill      XL: |  1  2  3  4  5  6  7  8  9 10 11 12 13 14 15 16 17 |
---------------+----------------------------------------------------+-----
Earth Magic    | 3 |  3.1
Conjurations   | 2 4 6 8 10 12 13 15 16 17 | 17.3
Spellcasting   | 4 6 8 9 10 12 | 12.1
Fighting       | 2 3 5 6 9 11 13 | 13.0
Dodging        | 3 5 7 8 9 12 13 14 | 14.0
Fire Magic     | 5 6 10 11 12 | 12.0
Maces & Flails | 9 11 12 | 12.0
Translocations | 4 |  4.2
Shields        | 2 5 |  5.0
Stealth        | |  2.0
Transmutations | |  0.7

Action                   |  1- 3 |  4- 6 |  7- 9 | 10-12 | 13-15 | 16-18 || total
-------------------------+-------+-------+-------+-------+-------+-------++-------
Melee: Spear             |       |    17 |       |       |       |       ||    17
       Kick              |       |     2 |     2 |     1 |    60 |    18 ||    83
       Peck              |       |     1 |       |       |    42 |    19 ||    62
       Dagger            |       |       |     9 |     4 |       |       ||    13
       Demon whip        |       |       |       |       |   213 |    83 ||   296
       Staff             |       |       |       |       |     7 |     3 ||    10
 Cast: Sandblast         |    53 |    11 |       |       |       |       ||    64
       Magic Dart        |     7 |    50 |     7 |       |       |       ||    64
       Flame Tongue      |       |    68 |   231 |   358 |       |       ||   657
       Stone Arrow       |       |     9 |    65 |   185 |   513 |   310 ||  1082
       Mephitic Cloud    |       |       |     6 |    12 |     1 |       ||    19
       Fireball          |       |       |       |    51 |   155 |   300 ||   506
       Blink             |       |       |       |       |     4 |    17 ||    21
       Poison Arrow      |       |       |       |       |       |     3 ||     3
 Abil: Fly               |       |     4 |     6 |     5 |     1 |       ||    16
Evoke: Wand              |       |       |       |    10 |     3 |     5 ||    18
       Lamp of fire      |       |       |       |       |     1 |     3 ||     4
  Use: Scroll            |     1 |     8 |     3 |    10 |    11 |    13 ||    46
       Potion            |       |     8 |       |     2 |     3 |     3 ||    16
 Stab: Distracted        |       |       |       |       |     2 |       ||     2
  Eat: Chunk             |     4 |    12 |    21 |    37 |    52 |    22 ||   148
       Ration            |       |       |     1 |     2 |     4 |    18 ||    25
Armor: Robe              |     2 |    10 |    36 |    43 |    18 |    35 ||   144
       Skin              |       |    14 |       |    10 |       |       ||    24
       Leather armour    |       |       |       |     4 |    36 |       ||    40
Dodge: Dodged            |     6 |    68 |   144 |   179 |   334 |   254 ||   985
Block: Buckler           |       |       |       |       |       |    55 ||    55
